Cogmind - Beta 13 @@@ ROGUE MODE // 2024.04.30 @ 15:37:13 Player: WarMechanic Result: Destroyed by G-34 Mercenary with Small Laser Performance ------------- Evolutions (1) 500 Regions Visited (3) 600 Robots Destroyed (36) 180 Value Destroyed (963) 963 Prototype IDs (0) 0 Alien Tech Used (0) 0 Bonus (0) 0 TOTAL SCORE: 2243 Bonus ------- None Cogmind --------- Core Integrity 0/400 Matter 230/300 Energy 100/100 System Corruption 5% Temperature Cool (6) Movement Rolling (95) Location -9/Materials Parts ------- > --- POWER (1) -------- (None) > --- PROPULSION (2) --- Compact Wheel Armored Wheel > --- UTILITY (3) ------ Large Storage Unit Advanced Targeting Computer > --- WEAPON (3) ------- Mini Grenade Launcher > --- INVENTORY (15) --- Light Treads Light Treads Heat Sink Sensor Array Signal Interpreter Seismic Detector ECM Suite Peak State ------------ > --- POWER ------------ Ion Engine > --- PROPULSION ------- Compact Wheel Compact Wheel > --- UTILITY ---------- Large Storage Unit Sensor Array Advanced Targeting Computer > --- WEAPON ----------- Minigun Minigun Heavy Mace > --- INVENTORY -------- Ion Engine Light Nuclear Core Light Treads Light Treads Compact Wheel Sensor Array Signal Interpreter Seismic Detector ECM Suite Minigun Minigun Mini Grenade Launcher Mining Claw Mining Claw [Rating: 19] Favorites ----------- Power Ion Engine Engine Ion Engine Power Core Light Nuclear Core Propulsion Compact Wheel Wheel Compact Wheel Utility Large Storage Unit Device Tractor Beam Storage Large Storage Unit Processor Advanced Targeting Computer Weapon Assault Rifle Energy Gun EM Pulse Gun Ballistic Gun Assault Rifle Launcher Mini Grenade Launcher Impact Weapon Heavy Mace Slashing Weapon Mining Claw Build | -11 -10 -10 -9 ------- Run | Yrd Mat Min Mat Slots Evolved 2 | . . . 2 Power . | . . . . Propulsion . | . . . . Utility 1 | . . . 1 Weapon 1 | . . . 1 Parts Attached 40 | 7 4 11 18 Power 5 | 1 . 1 3 Engine 4 | 1 . 1 2 Core 1 | . . . 1 Reactor . | . . . . Propulsion 10 | 2 1 4 3 Treads . | . . . . Leg . | . . . . Wheel 10 | 2 1 4 3 Hover . | . . . . Flight . | . . . . Utility 9 | 2 2 4 1 Device 6 | 1 1 3 1 Storage 2 | 1 1 . . Processor 1 | . . 1 . Hackware . | . . . . Protection . | . . . . Artifact . | . . . . Weapon 16 | 2 1 2 11 Energy Gun 3 | 1 1 . 1 Energy Cannon . | . . . . Ballistic Gun 6 | 1 . . 5 Ballistic Cannon . | . . . . Launcher 1 | . . . 1 Special Weapon . | . . . . Impact Weapon 2 | . . 1 1 Slashing Weapon 4 | . . 1 3 Piercing Weapon . | . . . . Special Melee Weapon . | . . . . Unidentified Prototypes . | . . . . Parts Lost 19 | . 3 5 11 Power 5 | . . 1 4 Propulsion 5 | . 1 2 2 Utility 3 | . 1 1 1 Weapon 6 | . 1 1 4 Highest Loss Streak 5 | . 2 5 5 To Critical Strikes . | . . . . Average Slot Usage (%) 88 | . 98 84 73 Engine 12 | . 14 13 7 Wheel 22 | . 28 21 14 Device 8 | . 12 5 2 Storage 13 | . 14 14 11 Processor 4 | . . 7 11 Energy Gun 9 | . 14 7 2 Ballistic Gun 10 | . 14 . 15 Impact Weapon 4 | . . 11 5 Slashing Weapon 1 | . . 2 2 Naked Turns . | . . . . Heaviest Build 35 | 15 30 30 35 Greatest Support 32 | 26 26 32 32 Greatest Overweight (x) 2 | . 1 1 2 Average Overweight (x) . | . . . . Largest Inventory Capacity 15 | 8 15 15 15 Average Capacity 14 | 7 14 15 15 Most Carried 15 | 7 13 15 15 Average Carried 10 | 3 8 13 11 Final Capacity 15 | 8 15 15 15 Final Carried 13 | 6 13 12 7 Class Distribution -------------------- 100% | Mutant Dominant Class ---------------- Mutant | -10/Materials Mutant | -10/Mines Mutant | -9/Materials Resources | -11 -10 -10 -9 ----------- Run | Yrd Mat Min Mat Matter Collected 798 | 273 161 121 243 Remotely 218 | 49 109 60 . Salvage Created 1411 | 86 430 305 590 Parts 56 | 4 24 6 22 Haulers Intercepted 1 | . . . 1 Recyclers Shooed 3 | . 2 1 . Parts Field Recycled . | . . . . Retrieved Matter . | . . . . Parts Self-Destructed . | . . . . Prevented . | . . . . Kills | -11 -10 -10 -9 ------- Run | Yrd Mat Min Mat Combat Hostiles Destroyed 25 | . 8 5 12 Melee 4 | . . 1 3 Guns 14 | . 6 3 5 AOE 2 | . 2 . . Classes Destroyed 10 | 1 2 3 4 Worker 2 | . . 1 1 Tunneler 1 | . . 1 . Hauler 1 | . . . 1 Recycler 4 | 1 1 1 1 Operator 2 | . 1 . 1 Watcher 1 | . . . 1 Swarmer 5 | . . 2 3 Grunt 17 | . 8 3 6 Duelist 1 | . . . 1 Sentry 2 | . . . 2 Best Kill Streak 4 | 1 2 2 4 Combat Bots Only 3 | . 2 2 3 Max Kills in Single Turn 2 | 1 2 1 2 Gunslinging . | . . . . Exploded 2 | . 2 . . Melee 1 | . . 1 1 Uniques/NPCs Destroyed . | . . . . Combat | -11 -10 -10 -9 -------- Run | Yrd Mat Min Mat Hostile Shots Fired 196 | . 48 49 99 Missed 55 | . 18 12 25 Damage Taken 2337 | 5 466 373 1493 Core 587 | . 115 71 401 Absorbed by Shields . | . . . . Core Remaining (%) 62 | 100 . 25 . Volleys Fired 103 | 2 37 36 28 Largest 2 | 2 2 1 2 Hottest 60 | 60 60 40 50 Shots Fired 152 | 3 73 36 40 Gun 148 | 3 73 36 36 Cannon . | . . . . Launcher 4 | . . . 4 Special . | . . . . Kinetic 74 | 2 37 . 35 Thermal 48 | . 12 36 . Explosive 4 | . . . 4 Electromagnetic 26 | 1 24 . 1 Robot Hit Streak 16 | 1 8 6 16 Robot Miss Streak 4 | 2 4 3 2 Penetration Max . | . . . . Secondary Targets . | . . . . Shots Hit Robots 132 | 1 46 31 54 Core Hits 39 | 1 18 7 13 Critical Kills 1 | 1 . . . Critical Parts Destroyed 7 | . 1 3 3 Critical Strikes 8 | 1 1 3 3 Destroy 2 | 1 1 . . Smash 6 | . . 3 3 Melee Attacks 53 | . . 9 44 Impact 42 | . . 9 33 Slashing 11 | . . . 11 Piercing . | . . . . Sneak Attacks 5 | . . 3 2 Combat Hostiles . | . . . . Follow-up Attacks . | . . . . Damage Inflicted 3227 | 21 654 855 1697 Guns 1267 | 10 587 240 430 Cannons . | . . . . Explosions 287 | . 59 . 228 Melee 1648 | . . 615 1033 Ramming 25 | 11 8 . 6 Kinetic 726 | 10 286 . 430 Thermal 488 | . 116 240 132 Explosive 96 | . . . 96 Electromagnetic 244 | . 244 . . Impact 1536 | . . 615 921 Slashing 112 | . . . 112 Piercing . | . . . . Highest Corruption 5 | . 4 4 5 Average Corruption 4 | . 3 4 4 Corruption Purged . | . . . . Corruption Blocked . | . . . . Effects 27 | . 11 14 2 Message Errors 5 | . 1 4 . Matter Fused 7 | . 3 3 1 Heat Flow Errors 1 | . . 1 . Energy Discharges 2 | . 2 . . Parts Rejected 1 | . . 1 . Data Loss (minor) 4 | . . 3 1 Data Loss (major) 3 | . 3 . . Misfires 2 | . 1 1 . Weapon Failures 2 | . 1 1 . Overload Shots . | . . . . Overflow Damage 671 | . 5 313 353 Projectiles . | . . . . Explosions 96 | . 5 . 91 Melee 575 | . . 313 262 Knockbacks 2 | . . 1 1 Impact 2 | . . 1 1 Kinetic . | . . . . Secondary . | . . . . Self-Inflicted Damage 156 | 5 25 . 126 Shots 3 | . 1 . 2 Rammed 3 | 1 1 . 1 Targets Rammed 3 | 1 1 . 1 Kicked . | . . . . Crushed . | . . . . Highest Temperature 128 | . 108 128 79 Average Temperature 34 | . 32 40 33 Received Heat Transfer 717 | . 222 126 369 Siege Activations . | . . . . Robots Corrupted . | . . . . Combat Hostiles . | . . . . Parts Fried 8 | . 1 4 3 Impact Corruptions 16 | . . 7 9 Robots Melted . | . . . . Combat Hostiles . | . . . . Parts Melted 1 | . . 1 . Heat Transferred 825 | . 175 550 100 Parts Sabotaged . | . . . . Parts Stolen . | . . . . Parts Stripped . | . . . . Power Chain Reactions 1 | . 1 . . Alert | -11 -10 -10 -9 ------- Run | Yrd Mat Min Mat Peak Influence 273 | 5 177 90 273 Initial 3 | . 3 . 3 Average 77 | 2 88 25 118 Maximum Alert Level 1 | . . . 1 Low Security (%) 95 | 100 100 100 81 Level 1 4 | . . . 18 Level 2 . | . . . . Level 3 . | . . . . Level 4 . | . . . . Level 5 . | . . . . High Security . | . . . . Max Security . | . . . . Squads Dispatched 5 | . 3 1 1 Investigation 2 | . 1 1 . Extermination . | . . . . Reinforcement 3 | . 2 . 1 Assault . | . . . . Garrison . | . . . . Intercept . | . . . . Searches Triggered . | . . . . Construction Impeded . | . . . . Haulers Reinforced . | . . . . Active Scanning Responses . | . . . . Cargo Convoy Interrupts . | . . . . Stealth | -11 -10 -10 -9 --------- Run | Yrd Mat Min Mat Distress Signals 7 | . 3 . 4 Communications Jammed . | . . . . Distress Signals . | . . . . Times Spotted 51 | . 18 7 26 Peak Tracking Total 6 | . 4 3 6 Tactical Retreats 6 | . 2 1 3 Traps | -11 -10 -10 -9 ------- Run | Yrd Mat Min Mat Traps Triggered 7 | . 4 . 3 Indirectly . | . . . . Trap Hack Attempts . | . . . . Triggered . | . . . . Disarmed . | . . . . Reprogrammed . | . . . . Reused . | . . . . Traps Extracted . | . . . . Installed . | . . . . Triggered . | . . . . Machines | -11 -10 -10 -9 ---------- Run | Yrd Mat Min Mat Machines Disabled 5 | . 1 . 4 Max in Single Turn 1 | . 1 . 1 Machines Repaired . | . . . . Machines Dismantled . | . . . . Machines Sabotaged . | . . . . Overloaded Fab Kills . | . . . . Hacking | -11 -10 -10 -9 --------- Run | Yrd Mat Min Mat Machines Accessed 11 | . 5 1 5 Terminals 8 | . 4 . 4 Fabricators . | . . . . Repair Stations . | . . . . Recycling Units 2 | . 1 . 1 Scanalyzers . | . . . . Garrison Access . | . . . . Total Hacks 28 | . 17 1 10 Successful 16 | . 10 1 5 Failed 12 | . 7 . 5 Catastrophic 2 | . 1 . 1 Database Lockouts . | . . . . Manual 19 | . 11 . 8 Terminals 25 | . 16 . 9 Fabricators . | . . . . Repair Stations . | . . . . Recycling Units 2 | . 1 . 1 Scanalyzers . | . . . . Garrison Access . | . . . . Terminal Hacks 14 | . 9 1 4 Record 3 | . 2 . 1 Part Schematic 2 | . 2 . . Open Door 1 | . . 1 . Level Access Points 1 | . . . 1 Terminal Index 2 | . 1 . 1 Fabricator Index 1 | . . . 1 Alert Level 1 | . 1 . . Recall Investigation 1 | . 1 . . Recall Reinforcements 1 | . 1 . . Zone Layout 1 | . 1 . . Fabricator Hacks . | . . . . Repair Station Hacks . | . . . . Recycling Unit Hacks 2 | . 1 . 1 Report Inventory 1 | . . . 1 Retrieve Components 1 | . 1 . . Scanalyzer . | . . . . Garrison Access Hacks . | . . . . Unauthorized Hacks . | . . . . Terminals . | . . . . Fabricators . | . . . . Repair Stations . | . . . . Recycling Units . | . . . . Scanalyzers . | . . . . Garrison Access . | . . . . Data Cores Recovered . | . . . . Used . | . . . . Hacking Detections 8 | . 4 . 4 Full Trace Events . | . . . . Feedback Events . | . . . . Feedback Blocked . | . . . . Robot Schematics Acquired . | . . . . Robots Built . | . . . . Authchips . | . . . . Time . | . . . . Total Robot Build Rating . | . . . . Part Schematics Acquired 2 | . 2 . . Parts Built . | . . . . Authchips . | . . . . Time . | . . . . Total Part Build Rating . | . . . . Parts Repaired . | . . . . Time . | . . . . Parts Recycled . | . . . . Recycled Matter . | . . . . Retrieved Matter . | . . . . Retrieved Components 10 | . 10 . . Parts Scanalyzed . | . . . . Part Schematics Acquired . | . . . . Parts Damaged . | . . . . Bothacking | -11 -10 -10 -9 ------------ Run | Yrd Mat Min Mat Used RIF Installer . | . . . . Robots Hacked . | . . . . Non-combat . | . . . . Combat . | . . . . Robot Hacks Applied . | . . . . Relay Couplers Released . | . . . . Fabnet Peak Effective % . | . . . . Robots Rewired . | . . . . Allies Hacked . | . . . . Hacks Repelled . | . . . . Allies | -11 -10 -10 -9 -------- Run | Yrd Mat Min Mat Total Allies . | . . . . Largest Group . | . . . . Highest-Rated Group . | . . . . Highest-Rated Ally . | . . . . Total Orders . | . . . . Ally Attacks . | . . . . Total Damage . | . . . . Kills . | . . . . Allies Corrupted . | . . . . Allies Melted . | . . . . Intel | -11 -10 -10 -9 ------- Run | Yrd Mat Min Mat Robot Analysis Total . | . . . . Derelict Logs Recovered 1 | . . 1 . Drone Launches . | . . . . Drone Recoveries . | . . . . Exploration | -11 -10 -10 -9 ------------- Run | Yrd Mat Min Mat Turns Passed 2508 | 114 1221 577 596 Spaces Moved 1553 | 104 747 412 290 Core 17 | 17 . . . Treads . | . . . . Legs . | . . . . Wheels 1536 | 87 747 412 290 Hover . | . . . . Flight . | . . . . Fastest Speed 50 | 50 90 100 95 Average Speed 104 | 83 102 109 112 Slowest Speed 130 | 90 105 115 130 Overloaded Moves . | . . . . Propulsion Burnouts . | . . . . Robots Hopped . | . . . . Cave-ins Triggered 1 | . . . 1 Exploration Rate (%) 42 | 5 64 72 30 Regions Visited 3 Branch Regions 1 Pre-discovered Areas 1 | . . 1 . Known Exits Taken . | . . . . Unknown Exits Taken 3 | 1 1 1 . Scrap Searched 2 | . . 2 . Spaces Dug 4 | . . . 4 Terrain Destroyed 50 | . . . 50 Melee 4 | . . . 4 Projectile . | . . . . AOE 46 | . . . 46 Terrain Rammed . | . . . . Walls Destroyed . | . . . . Machines Disabled . | . . . . Actions | -11 -10 -10 -9 --------- Run | Yrd Mat Min Mat Total 2193 | 128 1130 486 449 Wait 389 | 2 328 9 50 Move 1550 | 103 746 411 290 Hop . | . . . . Pick Up 45 | 13 12 6 14 Fast Attach . | . . . . Attach 31 | 7 3 5 16 Detach 1 | . . 1 . Swap 9 | . 1 6 2 Drop 9 | . 2 3 4 Fire 103 | 2 37 36 28 Melee 53 | . . 9 44 Ram 3 | 1 1 . 1 Kick . | . . . . Crush . | . . . . Escape Stasis . | . . . . Rewire . | . . . . Trap . | . . . . Miscellaneous . | . . . . Route ------- -11/Scrapyard -10/Materials (discovered 4 exits: *Mat x2 / *Min x2) -10/Mines -9/Materials (discovered 3 exits: Mat x3) History --------- Turn | Location | Event 36 | -11/Scrapyard | Discovered new exit (range 16) 115 | -11/Scrapyard | Entered Materials 307 | -10/Materials | Build established: Mutant 775 | -10/Materials | Discovered new exit (range 11) 895 | -10/Materials | Discovered new exit (range 16) 1132 | -10/Materials | Discovered new exit (range 4) 1153 | -10/Materials | Discovered new exit (range 11) 1336 | -10/Materials | Entered Mines 1352 | -10/Mines | Met a Derelict bent on vengeance 1445 | -10/Mines | Met a Derelict shopkeep closing up shop 1493 | -10/Mines | Core integrity fell below 50% 1522 | -10/Mines | Discovered new exit (range 15) 1536 | -10/Mines | Learned location of Zion (-7) 1684 | -10/Mines | Lost 5 parts (1p2n1u1w) 1913 | -10/Mines | Entered Materials 1913 | -9/Materials | Evolved 2 slots: Utility x1, Weapon x1 2334 | -9/Materials | Core integrity fell below 50% 2340 | -9/Materials | Crushed by falling debris 2356 | -9/Materials | Lost 5 parts (2p1n1u1w) 2402 | -9/Materials | Core integrity fell below 20% 2499 | -9/Materials | Identified exit to Materials 2509 | -9/Materials | Destroyed by G-34 Mercenary with Small Laser Last Messages --------------- 02465_ Lgt. Ion Engine destroyed. 02465_ U-05 Engineer lays Concrete. 02468_ System corrupted: Component data lost. 02468_ U-05 Engineer lays Concrete. 02470_ Acquired Arm. Wheel. 02471_ U-05 Engineer lays Concrete. 02482_ Matter Filter disabled. 02493_ Critical hit (Burn: +37). 02493_ Minigun destroyed. 02499_ System corrupted: Matter fused (-6). 02499_ Connecting with Terminal... >>Index(Fabricators) No fabricators found. >>Access(Main) Found 3 level access points to Materials: (13,55) (54,85) (86,53) Map updated. 02506_ Destroyed Heat Sink. Map ----- +----------------------------------------------------+ | | | | | | | | | | | | | | | | | | | | | | | | | | | | | | | | | | | ?????????????#??????######### #######???????? | | ???????????? ????# """ #???????? | | ???????????? ???# """ "T" """"" #???????? | | ???????????? ?# """ Y """" #???????? | | ??????????? # """ # "" """" #???????? | | ??????????? ## """"""" #???????? | | ??????????# ## """"""" #???????? | | ??????????# ## #???????? | | ??????????# g @ ## #???????? | | ######+#????# g ######## +# ####????? | | #????? | | #????? | | ####???????#####+##???## ###????? | | ???????????????? ????# ""T"" % ?? | | ???????????????? ????# """""% """"" ? | | ????????????????" ????# """"??? | | ????????????????" ????# + """???? | | ????????????????" #####+######+ # """???? | | ???????????????? # #? ### """???? | | ????????????????#/## """"" # #?? ""????? | | ????????????????# ## ""T"" # #?? "?????? | | ????????????????# ## =%[ # #??? ?????? | | ???????????###### ## ! #" """ #?????????? | | ##?????????# #/## #T """ #?????????? | | /#?????????# #/## =! ! #" ??? #?????????? | | /#?????????# #/# [ = = # ??? #?????????? | | ]#?????????# # #####+######??## ??????????????? | | ]#?????????# + #???#%#????????????????????????? | | [#?????????# # #???#!#????????????????????????? | | !#?????????# # ##### #????????????????????????? | | ##???????### +% /????????????????????????? | | ############ # #????????????????????????? | | # %###### #????????????????????????? | +----------------------------------------------------+ Best States ------------- Heat Dissipation 28 Energy Generation 14 Energy Capacity 250 Matter Stores 300 Matter Capacity 300 Sight Range 16 Robot Scan Range 14 Terrain Scan Density 10 Evasion (%) 50 Targeting Accuracy 8 Item Schematics ----------------- Datajack | -10/Materials | Hacked Mining Claw | -10/Materials | Hacked Robot Schematics ------------------ None Fabricated ------------ Nothing Alien Tech Used ----------------- None Achievements -------------- Unlikely Earthworm Use The Force Challenges ------------ None Game ------ Seed ScatterCannonDoublenader Manual? 0 Play Time 00:44:15 Cumulative 2.6 hours Start 2024.04.30 @ 13:34:47 End 2024.04.30 @ 15:37:13 Sessions 6 Manual Loads 0 Difficulty Rogue Special Mode None Game No. 4 Rogue 4 Adventurer 0 Explorer 0 Win Type - Total 0 Types 0/0/0/0/0/0/0/0/0 Lore% 0 Gallery% 4 Achievement% 4 Wizard Run 0 Options --------- Layout 2 ASCII 1 Keyboard 1 Movement Arrows Keybinds 1 Fullscreen 2 Font 24/Smallcaps Map View 50x44 Zoom Use 0% Tactical HUD 1 Map Filters NONE Filters NONE Steam 1 RUN: da3750ed-e3f3-4f71-a0df-b63071e9f59f